 Dungeon Crawl Stone Soup version 0.21-a0-401-g0b6bec4 (webtiles) character file.

61 4thArraOfDagon the Cutter (level 3, -3/33 HPs)
             Began as a Deep Elf Chaos Knight on Oct 24, 2017.
             Slain by Natasha (7 damage)
             ... on level 2 of the Dungeon.
             The game lasted 00:03:13 (856 turns).

4thArraOfDagon the Cutter (Deep Elf Chaos Knight)    Turns: 856, Time: 00:03:13

Health: -3/33      AC:  5    Str: 14    XL:     3   Next: 83%
Magic:  5/5        EV: 13    Int: 17    God:    Xom [....*.]
Gold:   106        SH:  0    Dex: 14    Spells: 2/2 levels left

rFire    . . .     SeeInvis .   a - +0 short sword (chaos)
rCold    . . .     Gourm    .   (no shield)
rNeg     . . .     Faith    .   b - +2 leather armour
rPois    +         Spirit   .   (no helmet)
rElec    .         Reflect  .   (no cloak)
rCorr    .         Harm     .   (no gloves)
MR       .....                  (no boots)
Stlth    ..........             (no amulet)
HPRegen  0.11/turn              m - ring of poison resistance
MPRegen  0.09/turn              (no ring)

@: berserking, slowed
A: no striking features
a: Renounce Religion


You were on level 2 of the Dungeon.
You worshipped Xom.
You were a beloved toy of Xom.
You were not hungry.

You visited 1 branch of the dungeon, and saw 2 of its levels.

You collected 106 gold pieces.

Inventory:

Hand Weapons
 a - a +0 short sword of chaos (weapon)
Armour
 b - a +2 leather armour (worn)
Jewellery
 m - a ring of poison resistance (left hand)
Scrolls
 e - a scroll of remove curse {unknown}
 i - a scroll of fog {unknown}
 l - a scroll of noise {unknown}
 o - a scroll of blinking {unknown}
Potions
 d - a potion of lignification {unknown}
 h - a potion of haste {unknown}
 j - a potion of magic {unknown}
 k - a potion of mutation {unknown}
 n - a potion of might {unknown}
Comestibles
 c - a bread ration
 f - 3 royal jellies


   Skills:
 + Level 2.8 Fighting
 * Level 3.8 Short Blades
 + Level 1.4 Armour
 - Level 3.0 Dodging


You had 2 spell levels left.
You didn't know any spells.

Dungeon Overview and Level Annotations

Branches:
Dungeon (2/15)

Altars:
Cheibriados

Annotations:
D:2 Natasha


Message History

Natasha stares at you and mumbles some strange words.
The magic dart hits you! Natasha casts a spell at you. The magic dart hits you!
* * * LOW HITPOINT WARNING * * *
It was a potion of berserk rage.
A red film seems to cover your vision as you go berserk!
You feel yourself moving faster!
You feel mighty!
Xom thinks this is hilarious!
Natasha claws you.
* * * LOW HITPOINT WARNING * * *
Unknown command.
You hit Natasha. You freeze Natasha.
Natasha is heavily wounded.
Unknown command.
You closely miss Natasha.
Natasha is heavily wounded.
Natasha claws you!
You die...
Xom guffaws!

##...#.
#....'
#....#
#....#
#....#
#...[#
#.h..#
#.@..#
#....#
#....#
#....#
#.####
#.# #.#
#.# #.#


You could see Natasha.

Vanquished Creatures
  Natasha (D:2)
  A gnoll (D:1)
  A worm (D:2)
  A dart slug (D:1)
  2 leopard geckos (D:1)
  2 giant cockroaches
  2 hobgoblins (D:1)
  2 kobolds (D:1)
  A quokka (D:2)
  3 bats (D:1)
  6 rats
22 creatures vanquished.

Notes
Turn   | Place    | Note
-------+----------+-------------------------------------------
     0 | D:1      | 4thArraOfDagon the Deep Elf Chaos Knight began the quest for the Orb.
     0 | D:1      | Reached XP level 1. HP: 13/13 MP: 3/3
    13 | D:1      | Reached skill level 1 in Armour
    13 | D:1      | Reached XP level 2. HP: 7/18 MP: 4/4
   176 | D:1      | XOM: harmless Hex miscast
   291 | D:2      | Found a faded altar of an unknown god.
   481 | D:2      | Noticed Natasha
   487 | D:2      | XOM: harmless Necr miscast
   488 | D:2      | Killed Natasha
   488 | D:2      | Reached XP level 3. HP: 19/22 MP: 5/5
   499 | D:2      | Found a snail-covered altar of Cheibriados.
   534 | D:2      | XOM: divination: detect items
   584 | D:1      | XOM: confusion
   753 | D:1      | XOM: 2-stop teleportation journey
   798 | D:1      | XOM: mild Necr miscast
   851 | D:2      | Noticed Natasha
   856 | D:2      | Slain by Natasha

Vault maps used:
D:1:      dpeg_arrival_short_road, nrook_mini_vaults
D:2:      nicolae_overflow_hidden_temple, fiery_altar_vehumet,
          chequers_ecumenical_altar_simple_redux, serial_bayou_lagoon_b,
          uniq_natasha

Skill      XL: |  1  2 |
---------------+-------+-----
Armour         | 1 |  1.4
Dodging        | 3 |  3.0
Fighting       | |  2.8
Short Blades   | |  3.8

Action                   || total
-------------------------++-------
Melee: Short sword       ||    89
  Use: Potion            ||     1
Armor: Leather armour    ||    22
Dodge: Dodged            ||    39

Table legend:
 A = Spawn XP
 B = Non-spawn XP
 C = Spawn XP percentage of total XP
 D = Spawn monster count
 E = Non-spawn monster count
 F = Spawn count percentage of total count
 G = Total turns spent on level
                    A         B        C        D         E        F      G
               +---------+---------+-------+---------+---------+-------+---------
         Total |       0 |      88 |   0.0 |       0 |      22 |   0.0 |   856
               +---------+---------+-------+---------+---------+-------+---------
           D:1 |       0 |      42 |   0.0 |       0 |      16 |   0.0 |   463
           D:2 |       0 |      46 |   0.0 |       0 |       6 |   0.0 |   393
               +---------+---------+-------+---------+---------+-------+---------
